[Event "Titled Tuesday Blitz December 27 Late 2022"]
[White "Vlassov, Nikolai"]
[Black "Xiong, Jeffery"]
[WhiteFideId "4103360"]
[BlackFideId "2047640"]
[WhiteElo "2283"]
[BlackElo "2692"]
[Result "0-1"]
[Round "10"]
[TimeControl "180+2"]
[Date "2022.12.27"]
[WhiteClock "0:00:09"]
[BlackClock "0:01:22"]

1. e4 c6 2. d4 d5 3. e5 Bf5 4. Nf3 e6 5. Be2 h6 6. O-O Ne7 7. Nbd2 Bh7 8. Nb3 Ng6 9. Bd2 Be7 10. a4 Nd7 11. a5 O-O 12. c4 f6 13. exf6 Nxf6 14. Re1 Ne4 15. Bd3 Nh4 16. Bxe4 Bxe4 17. Ne5 Bxg2 18. Qg4 dxc4 19. Bxh6 Bf6 20. Nc5 Bd5 21. Nxe6 Qc8 22. Nxf8 Nf3+ 23. Qxf3 Bxf3 24. Nfd7 Bxe5 25. Nxe5 gxh6 26. Re3 Bd5 27. Rg3+ Kh7 28. Raa3 Qf5 29. Rg4 Qb1# 0-1


[Site "https://www.chess.com"]

[Event "Titled Tuesday Blitz December 27 Late 2022"]
[White "Vovk, Orest"]
[Black "Moral Garcia, Serafin"]
[WhiteFideId "14113490"]
[BlackFideId "2201925"]
[WhiteElo "2315"]
[BlackElo "2238"]
[Result "1/2-1/2"]
[Round "10"]
[TimeControl "180+2"]
[Date "2022.12.27"]
[WhiteClock "0:00:07"]
[BlackClock "0:00:18"]

1. g4 d5 2. h3 e5 3. Bg2 c6 4. d4 exd4 5. Qxd4 Qf6 6. Qxf6 Nxf6 7. Nf3 Nbd7 8. O-O Bd6 9. Nc3 Ne5 10. Nxe5 Bxe5 11. Bd2 Be6 12. e3 O-O-O 13. Rab1 d4 14. exd4 Bxd4 15. Bf4 Rhe8 16. a3 Nd5 17. Nxd5 Bxd5 18. Bxd5 Rxd5 19. c3 Bb6 20. Rfe1 Rxe1+ 21. Rxe1 Kd7 22. Kf1 f5 23. gxf5 Rxf5 24. Be3 Bxe3 25. Rxe3 h6 26. h4 Rh5 27. Rg3 g5 28. hxg5 hxg5 29. Kg2 Ke6 30. Re3+ Kf6 31. Re8 Rh7 32. Rf8+ Rf7 33. Rb8 Ke5 34. a4 Kd5 35. b3 Ke4 36. Rd8 a6 37. Rd4+ Ke5 38. Kg3 b5 39. a5 c5 40. Rd8 Rf6 41. c4 bxc4 42. bxc4 Ke4 43. Rd5 Rf3+ 44. Kg2 Rf5 45. Rd6 Ke5 46. Rxa6 Kd4 47. Ra8 Kxc4 48. a6 Rf6 49. a7 Rf7 50. Kg3 Kc3 51. Rc8 Rxa7 52. Rxc5+ Kd4 53. Rxg5 Ke4 54. Rg8 Kf5 55. Rb8 Ra3+ 56. f3 Ra4 57. Rb5+ Kf6 58. Rc5 Rb4 59. Ra5 Rc4 60. Rh5 Rb4 61. Rh8 Kg6 62. Rg8+ Kf6 63. Rh8 Kg6 64. Rf8 Kg5 65. f4+ Kg6 66. Kg4 Rb5 67. Ra8 Kg7 68. Ra7+ Kf6 69. Ra6+ Kg7 70. Rc6 Kf7 71. Rd6 Kg7 72. Re6 Kf7 73. Rh6 Kg7 74. Rh3 Kg6 75. Rd3 Kf6 76. Rd6+ Kf7 77. Ra6 Kg7 78. Kf3 Kf7 79. Rd6 Kg7 80. Ke4 Kf7 81. Rh6 Kg7 82. Rc6 Kf7 83. Rc7+ Kf6 84. Rc4 Ra5 85. Rb4 Rc5 86. Rb6+ Kf7 87. f5 Rc1 88. Ke5 Re1+ 89. Kf4 Rf1+ 90. Kg5 Rg1+ 91. Kh4 Rh1+ 92. Kg4 Rg1+ 93. Kf4 Rf1+ 94. Ke4 Re1+ 95. Kd5 Rd1+ 96. Ke5 Re1+ 97. Kd4 Rd1+ 98. Ke3 Re1+ 99. Kf2 Re5 100. f6 Rf5+ 101. Ke3 Rxf6 102. Rb7+ Kg6 103. Rb4 Kf5 104. Rf4+ Ke5 105. Re4+ Kf5 106. Kf3 Kg5+ 107. Kg3 Ra6 108. Re5+ Kf6 109. Rh5 Kg6 110. Rb5 Ra3+ 111. Kf4 Ra4+ 112. Ke5 Ra1 113. Ke6 Re1+ 114. Kd6 Rd1+ 115. Kc5 Rc1+ 116. Kd4 Rd1+ 117. Ke3 Rf1 118. Ke2 Rf5 119. Rb6+ Kg5 120. Rb8 Kf6 121. Ke3 Re5+ 122. Kd4 Re1 123. Rf8+ Ke7 124. Rf2 Kd6 125. Rf6+ Re6 126. Rf8 Ke7 127. Ra8 Re1 128. Ra7+ Kd6 129. Ra6+ Kd7 130. Kd3 Re6 131. Ra7+ Kd6 132. Rb7 Kc6 133. Ra7 Kd6 134. Kd4 Re1 135. Ra2 Rd1+ 136. Ke3 Re1+ 137. Kf2 Re5 138. Ra6+ Kd5 139. Kf3 Kd4 140. Ra4+ Kd3 141. Kf4 Rd5 142. Ra3+ Kc4 143. Ke4 Rd4+ 144. Ke3 Rd1 145. Ra4+ Kc3 146. Ra8 Re1+ 147. Kf2 Re7 148. Rc8+ Kd3 149. Kf3 Rf7+ 150. Kg4 Ke4 151. Re8+ Kd5 1/2-1/2


[Site "https://www.chess.com"]

[Event "Titled Tuesday Blitz December 27 Late 2022"]
[White "Weisz, Bryan"]
[Black "Della Corte, Alessandro"]
[WhiteFideId "30934133"]
[BlackFideId "813540"]
[WhiteElo "1973"]
[BlackElo "2160"]
[Result "0-1"]
[Round "10"]
[TimeControl "180+2"]
[Date "2022.12.27"]
[WhiteClock "0:00:03"]
[BlackClock "0:01:12"]

1. e4 c5 2. Nf3 d6 3. d4 cxd4 4. Nxd4 Nf6 5. Nc3 a6 6. Bg5 e6 7. f4 Qb6 8. Qd2 Nc6 9. O-O-O Qxd4 10. Qxd4 Nxd4 11. Rxd4 Be7 12. Bxf6 gxf6 13. g3 Bd7 14. Bg2 Bc6 15. Re1 h5 16. Nd5 Bd8 17. Ne3 Bb6 18. Rxd6 Ke7 19. Rd3 h4 20. Nd5+ Bxd5 21. exd5 hxg3 22. hxg3 Rad8 23. dxe6 fxe6 24. Rxd8 Rxd8 25. Bxb7 Bf2 26. Re2 Bxg3 27. c3 Bxf4+ 28. Kc2 a5 29. Re4 e5 30. Ra4 Rd2+ 31. Kb3 f5 32. Rxa5 Kf6 33. Bc8 Rf2 34. a4 Bc1 35. Kc4 Bxb2 36. Ra6+ Kg5 37. Ra5 e4 38. Rb5 e3 39. Kd3 Bc1 40. a5 Rd2+ 41. Kc4 Rf2 42. Kd3 Rd2+ 43. Kc4 e2 44. Rxf5+ Kg6 45. Re5 Ra2 46. a6 Bf4 47. Re6+ Kf7 48. Re4 Bg3 49. Be6+ Kf6 50. Re3 e1=Q 51. Rxe1 Bxe1 52. Bc8 Ke5 53. Kb5 Kd6 0-1


[Site "https://www.chess.com"]

[Event "Titled Tuesday Blitz December 27 Late 2022"]
[White "White, John S."]
[Black "Kho, Darrell"]
[WhiteFideId "2502348"]
[BlackFideId "1019317"]
[WhiteElo "2235"]
[BlackElo "2075"]
[Result "0-1"]
[Round "10"]
[TimeControl "180+2"]
[Date "2022.12.27"]
[WhiteClock "0:00:14"]
[BlackClock "0:00:58"]

1. e4 e6 2. d4 d5 3. e5 c5 4. c3 Qb6 5. Nf3 Bd7 6. Bd3 Bb5 7. O-O Bxd3 8. Qxd3 Nc6 9. Nbd2 cxd4 10. cxd4 Rc8 11. a3 Na5 12. b4 Nc4 13. Nxc4 Rxc4 14. Be3 Ne7 15. Rfc1 Rxc1+ 16. Rxc1 Nc6 17. Qc3 Be7 18. Nd2 O-O 19. Nb3 Rc8 20. Nc5 Bxc5 21. bxc5 Qa5 22. Qb3 b6 23. cxb6 Qxb6 24. Rb1 Qxb3 25. Rxb3 Rb8 26. Rxb8+ Nxb8 27. Kf1 Kf8 28. Ke2 Ke7 29. Kd2 Kd7 30. Kc3 Kc6 31. Kb3 Kb6 32. Bd2 Nc6 33. Bc3 Na5+ 34. Bxa5+ Kxa5 35. f4 Kb5 36. a4+ Kb6 0-1


[Site "https://www.chess.com"]

[Event "Titled Tuesday Blitz December 27 Late 2022"]
[White "marik_spb"]
[Black "Gurevich, Dmitry"]
[BlackFideId "2000407"]
[WhiteElo "2448"]
[BlackElo "2393"]
[Result "0-1"]
[Round "10"]
[TimeControl "180+2"]
[Date "2022.12.27"]
[WhiteClock "0:00:03"]
[BlackClock "0:00:44"]

1. d4 Nf6 2. c4 g6 3. Nf3 Bg7 4. Nc3 O-O 5. e4 d6 6. g3 e5 7. dxe5 dxe5 8. Qxd8 Rxd8 9. h3 c6 10. Be3 Na6 11. a3 Nd7 12. Rd1 Re8 13. Be2 Ndc5 14. Kf1 f5 15. b4 Ne6 16. Kg2 f4 17. Bc1 fxg3 18. fxg3 Nd4 19. Bd3 Rf8 20. Nxd4 exd4 21. Na4 b6 22. c5 bxc5 23. bxc5 Rb8 24. Rhf1 Nc7 25. Bf4 Rb7 26. Bd6 Rxf1 27. Rxf1 Be6 28. Bxc7 Rxc7 29. Nb2 Rb7 30. Rf2 Bf8 31. Bc4 Bxc4 32. Nxc4 Bxc5 33. Ne5 Bxa3 34. Nxc6 d3 35. Rd2 Rb2 36. Rxb2 Bxb2 37. Kf3 Bc3 38. Ne7+ Kf7 39. Nd5 Bd4 40. Nf4 d2 41. Ke2 Bc3 42. Nd5 Ba5 43. Ne3 Ke6 44. Nc4 Bb4 45. g4 a5 46. Kd1 a4 47. Kc2 a3 48. Ne3 Ke5 0-1


[Site "https://www.chess.com"]

[Event "Titled Tuesday Blitz December 27 Late 2022"]
[White "reevecanada"]
[Black "Pinheiro, Iung Alicio de O."]
[BlackFideId "2104350"]
[WhiteElo "2430"]
[BlackElo "2306"]
[Result "1-0"]
[Round "10"]
[TimeControl "180+2"]
[Date "2022.12.27"]
[WhiteClock "0:00:52"]
[BlackClock "0:00:15"]

1. e4 c5 2. Nf3 Nc6 3. Be2 g6 4. c3 d5 5. e5 d4 6. Bb5 Bd7 7. O-O Bg7 8. Re1 a6 9. Bf1 Bg4 10. h3 Bxf3 11. Qxf3 Bxe5 12. Bc4 e6 13. d3 Bg7 14. Nd2 dxc3 15. bxc3 Bxc3 16. Rb1 Ne5 17. Qxb7 Nxc4 18. dxc4 Ne7 19. Ne4 Bd4 20. Bg5 f6 21. Nxf6+ Kf7 22. Qf3 Nf5 23. Rb7+ Kf8 24. Qxf5 1-0


[Site "https://www.chess.com"]

[Event "Titled Tuesday Blitz December 27 Late 2022"]
[White "Adewumi, Tanitoluwa"]
[Black "Rian, Kapriaga"]
[WhiteFideId "30966396"]
[BlackFideId "7103263"]
[WhiteElo "2283"]
[BlackElo "2089"]
[Result "0-1"]
[Round "11"]
[TimeControl "180+2"]
[Date "2022.12.27"]
[WhiteClock "0:00:04"]
[BlackClock "0:00:06"]

1. e4 c6 2. d4 d5 3. exd5 cxd5 4. Bd3 Nc6 5. c3 Qc7 6. Ne2 e5 7. dxe5 Nxe5 8. O-O Bd6 9. Re1 Ne7 10. Ng3 O-O 11. Bc2 Be6 12. Bf4 N7g6 13. Bxg6 hxg6 14. Bxe5 Bxe5 15. Nd2 d4 16. Nf3 Bxg3 17. hxg3 dxc3 18. Rc1 Qa5 19. Rxc3 Qxa2 20. Qd4 Rfe8 21. Rce3 Rad8 22. Qh4 f6 23. Qe4 Bf7 24. Qxb7 Rxe3 25. Rxe3 Bd5 26. Qc7 Rf8 27. Re7 Rf7 28. Qd8+ Rf8 29. Qd7 Rf7 30. Re8+ Rf8 31. Re7 Rf7 32. Qe8+ Rf8 33. Qxg6 Bf7 34. Qg4 Qxb2 35. Rxa7 Qc1+ 36. Kh2 Qc5 37. Nh4 Qxa7 38. Nf5 Be6 39. Nh6+ Kh7 40. Qe4+ f5 41. Qxe6 gxh6 42. Qe5 Qf7 43. Qd6 Qg7 44. Qe6 Rf7 45. f4 Qg6 46. Qe5 Qf6 47. Qc5 Re7 48. Qd5 Qg6 49. Qc5 Qh5+ 50. Kg1 Re1+ 51. Kf2 Qe2# 0-1


[Site "https://www.chess.com"]

[Event "Titled Tuesday Blitz December 27 Late 2022"]
[White "Ai, Evan"]
[Black "Bambino Filho, Antonio Carlos"]
[WhiteFideId "2094770"]
[BlackFideId "2113163"]
[WhiteElo "2055"]
[BlackElo "2144"]
[Result "0-1"]
[Round "11"]
[TimeControl "180+2"]
[Date "2022.12.27"]
[WhiteClock "0:00:06"]
[BlackClock "0:00:24"]

1. e4 c5 2. Nf3 Nc6 3. d4 cxd4 4. Nxd4 e6 5. Nc3 a6 6. Be3 Qc7 7. Be2 b5 8. O-O Nf6 9. f3 Bb7 10. Qd2 Be7 11. Rad1 O-O 12. Kh1 Rac8 13. Nxc6 Bxc6 14. Bf4 Qb7 15. Be3 d5 16. exd5 Nxd5 17. Nxd5 Bxd5 18. b3 Bf6 19. Bd3 Rfd8 20. Qe2 Bc6 21. c4 bxc4 22. Bxc4 Bb5 23. Rxd8+ Rxd8 24. a4 Bxc4 25. Qxc4 Rc8 26. Bc5 Be7 27. b4 a5 28. Qb5 Qxb5 29. axb5 Bxc5 30. bxc5 Rxc5 31. Rb1 Rc7 32. Kg1 Kf8 33. Ra1 Ra7 34. Kf2 Ke7 35. Ke3 Kd6 36. Kd4 e5+ 37. Kc4 Rc7+ 38. Kb3 Kc5 39. Ka4 Kb6 40. Rd1 Rc4+ 41. Kb3 Rb4+ 42. Kc3 Rd4 43. Rb1 f6 44. g3 Rd5 45. f4 Rxb5 46. Rd1 Rc5+ 47. Kb3 Kc7 48. fxe5 Rxe5 49. Rd4 g5 50. Rc4+ Kd6 51. Ka4 h5 52. h4 g4 53. Rf4 Ke6 54. Kb3 Re3+ 55. Kc4 Rxg3 56. Kb5 Rf3 0-1


[Site "https://www.chess.com"]

[Event "Titled Tuesday Blitz December 27 Late 2022"]
[White "Andreev, Eduard"]
[Black "Schmidt, Harald"]
[WhiteFideId "14103400"]
[BlackFideId "4648358"]
[WhiteElo "2413"]
[BlackElo "2347"]
[Result "0-1"]
[Round "11"]
[TimeControl "180+2"]
[Date "2022.12.27"]
[WhiteClock "0:00:04"]
[BlackClock "0:00:23"]

1. Nf3 c5 2. c4 Nc6 3. d4 cxd4 4. Nxd4 e5 5. Nb3 Nf6 6. Nc3 Bb4 7. g3 d5 8. cxd5 Qxd5 9. Qxd5 Nxd5 10. Bd2 Nxc3 11. bxc3 Ba3 12. Bg2 Be6 13. O-O O-O-O 14. Be3 Bc4 15. Bf3 Kc7 16. Rab1 b6 17. Nd2 Be6 18. c4 f6 19. Kg2 Nd4 20. Rb3 Bc5 21. Rd3 Nxf3 22. Kxf3 Rxd3 23. exd3 Rd8 24. Ke2 Bg4+ 25. f3 Bxe3 26. Kxe3 Bf5 27. Ne4 Kc6 28. Rb1 Bxe4 29. fxe4 a6 30. a4 Rd7 31. g4 h6 32. h4 Kc5 33. Kd2 Rd6 34. Kc3 Rc6 35. Rg1 b5 36. axb5 axb5 37. g5 hxg5 38. hxg5 b4+ 39. Kb3 Ra6 40. gxf6 gxf6 41. Rg6 Ra3+ 42. Kc2 Kd4 43. Rxf6 Rc3+ 44. Kb2 Rxd3 45. Re6 Kxc4 46. Rxe5 Rd2+ 47. Kc1 Rh2 48. Rg5 Kb3 49. Rg3+ Ka2 50. Re3 b3 51. Rxb3 Kxb3 52. e5 Kc4 53. e6 Re2 54. e7 Rxe7 0-1


[Site "https://www.chess.com"]

[Event "Titled Tuesday Blitz December 27 Late 2022"]
[White "Averjanov, Alexey"]
[Black "Rengifo Blancas, Renzo Jhonathan"]
[WhiteFideId "14109867"]
[BlackFideId "3807185"]
[WhiteElo "2399"]
[BlackElo "2131"]
[Result "1-0"]
[Round "11"]
[TimeControl "180+2"]
[Date "2022.12.27"]
[WhiteClock "0:02:56"]
[BlackClock "0:02:27"]

1. d4 d5 2. c4 c6 3. e3 Nf6 4. Bd3 e6 5. Nd2 Nbd7 6. Ngf3 Bd6 7. O-O O-O 8. e4 dxe4 9. Nxe4 Nxe4 10. Bxe4 Nf6 11. Bc2 c5 12. b3 cxd4 13. Qxd4 Qc7 14. Bg5 e5 15. Qh4 h6 16. Bxf6 g6 17. Qxh6 1-0


[Site "https://www.chess.com"]

[Event "Titled Tuesday Blitz December 27 Late 2022"]
[White "Avila Pavas, Santiago"]
[Black "Tomaszewski, Kacper"]
[WhiteFideId "4437128"]
[BlackFideId "1127373"]
[WhiteElo "2522"]
[BlackElo "2313"]
[Result "1-0"]
[Round "11"]
[TimeControl "180+2"]
[Date "2022.12.27"]
[WhiteClock "0:01:42"]
[BlackClock "0:00:29"]

1. d4 d6 2. e4 Nf6 3. Nc3 e5 4. Nf3 Nbd7 5. Bc4 Be7 6. O-O Nb6 7. Bb3 exd4 8. Qxd4 O-O 9. a4 a5 10. Bg5 Nfd7 11. Bf4 Nc5 12. Ba2 Ne6 13. Qd2 Nxf4 14. Qxf4 Bf6 15. Qe3 Re8 16. Rfe1 Bg4 17. Nd4 Bd7 18. Rad1 Qc8 19. Bb3 Rf8 20. f4 Qe8 21. e5 dxe5 22. fxe5 Bh4 23. g3 Be7 24. e6 fxe6 25. Nxe6 Rf5 26. Nxc7+ Kh8 27. Nxe8 Bc5 28. Nd6 Bxe3+ 29. Rxe3 Rff8 30. Nf7+ Kg8 31. Ne5+ Kh8 32. Nxd7 Nxd7 33. Rxd7 h5 34. Ree7 h4 35. Rxg7 1-0


[Site "https://www.chess.com"]

[Event "Titled Tuesday Blitz December 27 Late 2022"]
[White "Bach, Matthias"]
[Black "Moreno Perez, Tobias Sebastian"]
[WhiteFideId "4603168"]
[BlackFideId "186716"]
[WhiteElo "2214"]
[BlackElo "2256"]
[Result "1-0"]
[Round "11"]
[TimeControl "180+2"]
[Date "2022.12.27"]
[WhiteClock "0:00:06"]
[BlackClock "0:00:01"]

1. d4 Nf6 2. c4 g6 3. Nc3 Bg7 4. e4 d6 5. f4 O-O 6. Nf3 c5 7. d5 e6 8. Be2 exd5 9. cxd5 Re8 10. e5 Nfd7 11. e6 Nb6 12. f5 fxe6 13. fxe6 Na6 14. O-O Nc7 15. Bg5 Re7 16. Nh4 Qe8 17. Bb5 Nxb5 18. Nxb5 Nc4 19. Qb3 a6 20. Qxc4 axb5 21. Qe4 Ra4 22. Qe2 Bxe6 23. dxe6 Rxe6 24. Qf3 Bxb2 25. Rad1 b6 26. Qb7 Bd4+ 27. Kh1 Rxa2 28. Nf3 Bg7 29. Bh4 Kh8 30. Ng5 Re7 31. Qd5 Ra4 32. Bg3 h6 33. Nf7+ Kh7 34. Nxd6 Qd7 35. Qf3 Ra2 36. Nf7 Qe6 37. h3 Qc4 38. Nd6 Qc2 39. Rc1 Qb2 40. Rb1 Qc2 41. Rxb5 Re6 42. Nf7 Rf6 43. Qxf6 1-0


[Site "https://www.chess.com"]

[Event "Titled Tuesday Blitz December 27 Late 2022"]
[White "Barp, Alberto"]
[Black "Kamsky, Gata"]
[WhiteFideId "872555"]
[BlackFideId "2000024"]
[WhiteElo "2432"]
[BlackElo "2665"]
[Result "0-1"]
[Round "11"]
[TimeControl "180+2"]
[Date "2022.12.27"]
[WhiteClock "0:00:01"]
[BlackClock "0:00:47"]

1. d4 Nf6 2. c4 e6 3. Nf3 b6 4. g3 Bb4+ 5. Bd2 a5 6. Bg2 Bb7 7. O-O Bxd2 8. Qxd2 d6 9. Qc2 Nbd7 10. Nc3 O-O 11. Rad1 Qe7 12. e4 e5 13. Rfe1 Rfe8 14. Nd5 Qd8 15. dxe5 Nxd5 16. exd5 dxe5 17. Re3 f6 18. Nh4 Nc5 19. Nf5 g6 20. Nh4 Kg7 21. Rde1 Qd7 22. b3 c6 23. Rd1 cxd5 24. Bxd5 Rad8 25. Ree1 Qc7 26. Ng2 Bxd5 27. cxd5 e4 28. Nf4 Qe5 29. Qc4 f5 30. a3 g5 31. Ne6+ Nxe6 32. dxe6 Rxd1 33. Rxd1 Qxe6 34. Qd4+ Qf6 35. Qd7+ Re7 36. Qb5 f4 37. Rd5 h6 38. Qc4 f3 39. h3 e3 40. fxe3 f2+ 41. Kf1 Qa1+ 42. Kxf2 Rf7+ 0-1


[Site "https://www.chess.com"]

[Event "Titled Tuesday Blitz December 27 Late 2022"]
[White "Baskakov, Egor"]
[Black "Kazakouski, Valery"]
[WhiteFideId "24197866"]
[BlackFideId "13507443"]
[WhiteElo "2215"]
[BlackElo "2539"]
[Result "1-0"]
[Round "11"]
[TimeControl "180+2"]
[Date "2022.12.27"]
[WhiteClock "0:00:52"]
[BlackClock "0:00:05"]

1. e4 c5 2. Nf3 a6 3. c4 Nc6 4. Nc3 Nd4 5. g3 d6 6. Bg2 Nf6 7. Nxd4 cxd4 8. Nd5 Nd7 9. O-O e6 10. Nf4 Be7 11. d3 O-O 12. b4 a5 13. b5 Nc5 14. Bb2 Bf6 15. Ne2 e5 16. h3 Bd7 17. a4 b6 18. f4 Qc8 19. f5 Bg5 20. Bc1 Qd8 21. h4 Bxc1 22. Rxc1 f6 23. Ra1 Kf7 24. Nc1 Ke7 25. Nb3 Nb7 26. Qh5 Rh8 27. Qe2 Qe8 28. Kf2 g6 29. Ke1 gxf5 30. exf5 Rb8 31. g4 h6 32. Bd5 Kd8 33. Kd2 Kc7 34. Rf2 Qe7 35. Rg1 Rbf8 36. Qe4 Nd8 37. Nxd4 Qg7 38. Ne6+ Bxe6 39. Bxe6 Nb7 40. Qc6+ Kb8 41. Bd5 Qc7 42. Qxb7+ Qxb7 43. Bxb7 Kxb7 44. Ke3 Rhg8 45. Rfg2 Rf7 46. g5 fxg5 47. hxg5 hxg5 48. Rxg5 Rgf8 49. Rg7 Kc7 50. Ke4 Kd7 51. Rxf7+ Rxf7 52. Rg6 Ke7 53. Kd5 Rxf5 54. Re6+ Kd7 55. Rxd6+ Kc7 56. Rc6+ Kb7 57. Re6 Rf3 58. Re7+ Kb8 59. Rxe5 Kc7 60. d4 Kd7 61. Rh5 Rf7 62. c5 Kc7 63. c6 Rg7 64. Rf5 Rh7 65. Ke6 Kc8 66. Rf8+ 1-0


[Site "https://www.chess.com"]

[Event "Titled Tuesday Blitz December 27 Late 2022"]
[White "Beerdsen, Thomas"]
[Black "Bok, Benjamin"]
[WhiteFideId "1030108"]
[BlackFideId "1017063"]
[WhiteElo "2507"]
[BlackElo "2607"]
[Result "0-1"]
[Round "11"]
[TimeControl "180+2"]
[Date "2022.12.27"]
[WhiteClock "0:00:15"]
[BlackClock "0:00:26"]

1. e4 c5 2. Nf3 d6 3. d4 cxd4 4. Nxd4 Nf6 5. Nc3 a6 6. h4 e5 7. Nb3 Be7 8. Be2 Be6 9. f4 b5 10. f5 Bc8 11. Bg5 Nbd7 12. a4 b4 13. Nd5 Bb7 14. Nxe7 Qxe7 15. Bf3 h6 16. Bxf6 Nxf6 17. Na5 Rd8 18. Nxb7 Qxb7 19. O-O Nxe4 20. Bxe4 Qxe4 21. Qh5 O-O 22. Rae1 Qxc2 23. Rf2 Qd3 24. Rf3 Qd4+ 25. Kh1 f6 26. Rc1 Rc8 27. Rcf1 Rc4 28. Rh3 Qg4 29. Qxg4 Rxg4 30. Rd1 Rd8 31. Rhd3 Rxh4+ 32. Kg1 Rc4 33. Rxd6 Rxd6 34. Rxd6 Rc2 35. Rxa6 Rxb2 36. Rb6 b3 37. Rxb3 Rxb3 0-1


[Site "https://www.chess.com"]

[Event "Titled Tuesday Blitz December 27 Late 2022"]
[White "Bjelobrk, Igor"]
[Black "Novikova, Galina"]
[WhiteFideId "4300726"]
[BlackFideId "4157095"]
[WhiteElo "2403"]
[BlackElo "2073"]
[Result "1-0"]
[Round "11"]
[TimeControl "180+2"]
[Date "2022.12.27"]
[WhiteClock "0:01:15"]
[BlackClock "0:00:46"]

1. Nf3 e6 2. g3 f5 3. Bg2 Nf6 4. O-O Be7 5. b3 d6 6. d4 O-O 7. Bb2 Qe8 8. c4 Qh5 9. e3 g5 10. Nbd2 g4 11. Ne1 Qg6 12. Nd3 h5 13. Nf4 Qf7 14. e4 Nc6 15. exf5 e5 16. Ng6 Bxf5 17. Nxf8 Rxf8 18. dxe5 dxe5 19. Qe2 Bd6 20. Ne4 Qg6 21. Nxf6+ Rxf6 22. Rad1 h4 23. c5 Bf8 24. Bxc6 bxc6 25. Qxe5 Bg7 26. Qxc7 Rf7 27. Qd8+ Kh7 28. Bxg7 Kxg7 29. Rd6 Qh5 30. Qxh4 Qxh4 31. gxh4 Be4 32. Re1 Bf3 33. h5 Rf5 34. h6+ Kf8 35. h7 Rh5 36. h8=Q+ Rxh8 37. Rd8+ Kg7 38. Rxh8 Kxh8 39. Re7 a6 40. b4 Kg8 41. Kf1 Bd5 42. a3 Kf8 43. Ra7 Ke8 44. Ke1 Bc4 45. Kd2 Kd8 46. Ke3 Kc8 47. Kf4 Be2 48. Ke5 Kb8 49. Rg7 Bf3 50. Kd6 Kc8 51. Rc7+ Kb8 52. Rxc6 1-0


[Site "https://www.chess.com"]

[Event "Titled Tuesday Blitz December 27 Late 2022"]
[White "Bochnicka, Vladimir"]
[Black "Foisor, Sabina-Francesca"]
[WhiteFideId "14943450"]
[BlackFideId "1212915"]
[WhiteElo "2327"]
[BlackElo "2185"]
[Result "1-0"]
[Round "11"]
[TimeControl "180+2"]
[Date "2022.12.27"]
[WhiteClock "0:01:06"]
[BlackClock "0:00:17"]

1. e4 c6 2. d4 d5 3. e5 g6 4. c4 Bg7 5. Nc3 h5 6. Nf3 Nh6 7. Bxh6 Bxh6 8. cxd5 cxd5 9. Qb3 e6 10. Bd3 Nc6 11. O-O O-O 12. a3 a6 13. Qc2 b5 14. Bxg6 fxg6 15. Qxg6+ Bg7 16. Ng5 Rf5 17. Nxe6 Bxe6 18. Qxe6+ Rf7 19. Qxc6 Rc8 20. Qxd5 Qg5 21. e6 Rf5 22. Qd7 Rff8 23. Ne4 Qd8 24. Qxd8 Rfxd8 25. e7 Rxd4 26. Rad1 Re8 27. Rxd4 Bxd4 28. Rd1 Bb6 29. Nf6+ Kf7 30. Nxe8 Kxe8 31. Re1 Bc5 32. g3 1-0


[Site "https://www.chess.com"]

[Event "Titled Tuesday Blitz December 27 Late 2022"]
[White "Bortnyk, Olexandr"]
[Black "Deac, Bogdan-Daniel"]
[WhiteFideId "14120828"]
[BlackFideId "1226380"]
[WhiteElo "2605"]
[BlackElo "2700"]
[Result "0-1"]
[Round "11"]
[TimeControl "180+2"]
[Date "2022.12.27"]
[WhiteClock "0:00:01"]
[BlackClock "0:00:12"]

1. e4 e5 2. Bc4 Nf6 3. d3 d5 4. exd5 Nxd5 5. Nc3 Nb6 6. Bb3 Nc6 7. Qf3 f6 8. Nge2 Na5 9. Qg3 Nxb3 10. axb3 g5 11. h4 g4 12. h5 Be6 13. d4 Bd6 14. dxe5 fxe5 15. Ne4 h6 16. Be3 Nd5 17. O-O-O Qe7 18. c4 Nf6 19. N2c3 Nxe4 20. Nxe4 Bf5 21. f3 Qe6 22. Nxd6+ cxd6 23. Rd5 Rg8 24. Qf2 gxf3 25. gxf3 b6 26. Rhd1 O-O-O 27. Bxb6 axb6 28. Qxb6 Qe7 29. Qc6+ Qc7 30. Qa6+ Qb7 31. Qa4 Rg2 32. R5d2 Rxd2 33. Kxd2 Rg8 34. Ke3 Qb6+ 0-1


[Site "https://www.chess.com"]

[Event "Titled Tuesday Blitz December 27 Late 2022"]
[White "Bouget, Alexandre"]
[Black "Harish, Neeraj"]
[WhiteFideId "681318"]
[BlackFideId "30958130"]
[WhiteElo "2267"]
[BlackElo "2232"]
[Result "1/2-1/2"]
[Round "11"]
[TimeControl "180+2"]
[Date "2022.12.27"]
[WhiteClock "0:00:57"]
[BlackClock "0:01:51"]

1. d4 d5 2. c4 e6 3. Nc3 Nf6 4. Nf3 Be7 5. e3 O-O 6. Qc2 c5 7. dxc5 Bxc5 8. cxd5 Nxd5 9. Bd3 Nb4 10. Bxh7+ Kh8 11. Qb1 g6 12. Bxg6 fxg6 13. Qxg6 Qd3 14. Qh5+ Kg7 15. Qg5+ Kh8 16. Qh5+ Kg8 17. Qg5+ Kh8 18. Qh5+ 1/2-1/2


[Site "https://www.chess.com"]

[Event "Titled Tuesday Blitz December 27 Late 2022"]
[White "Defend, Balint"]
[Black "Battlecruiser_Operational"]
[WhiteFideId "17004853"]
[WhiteElo "1673"]
[BlackElo "2417"]
[Result "0-1"]
[Round "11"]
[TimeControl "180+2"]
[Date "2022.12.27"]
[WhiteClock "0:00:55"]
[BlackClock "0:00:05"]

1. e4 c6 2. d4 d5 3. e5 Bf5 4. h4 h5 5. Bd3 Bxd3 6. Qxd3 e6 7. Bg5 Qa5+ 8. Nd2 Qa6 9. c4 c5 10. dxc5 Bxc5 11. Ne2 Nc6 12. Nf4 Nxe5 13. Qe2 Ng4 14. Nxd5 Bxf2+ 15. Kf1 Rc8 16. Bf4 Qc6 17. Ne4 Bc5 18. Rd1 Ne7 19. Nxc5 Qxc5 20. Bd6 Qf2+ 21. Qxf2 Nxf2 22. Nxe7 Nxd1 23. Nxc8 Kd7 24. Be5 Ne3+ 25. Ke2 Nxc4 26. Bd4 Rxc8 27. Bxg7 f5 28. Rd1+ Ke7 29. Bd4 b6 30. Rc1 Nd6 31. Rg1 Rc2+ 32. Kd3 Rc6 33. Re1 Ne4 34. Re3 Kd6 35. Re1 e5 36. Be3 Ke6 37. a3 Rc7 38. Re2 Rg7 39. Rc2 Kd5 40. b4 f4 41. Bg1 Rg3+ 42. Ke2 Rxg2+ 43. Kf3 Rxc2 0-1


[Site "https://www.chess.com"]

[Event "Titled Tuesday Blitz December 27 Late 2022"]
[White "Dias, Joao Batista"]
[Black "marik_spb"]
[WhiteFideId "2108240"]
[WhiteElo "1796"]
[BlackElo "2448"]
[Result "0-1"]
[Round "11"]
[TimeControl "180+2"]
[Date "2022.12.27"]
[WhiteClock "0:01:35"]
[BlackClock "0:01:03"]

1. e4 c6 2. d4 d5 3. Nd2 dxe4 4. Nxe4 Nf6 5. Ng3 h5 6. h3 h4 7. N3e2 Bf5 8. Nf3 e6 9. Nf4 Nbd7 10. Bd3 Bd6 11. Bxf5 Qa5+ 12. c3 Qxf5 13. Ne2 O-O-O 14. Be3 Nd5 15. Qa4 Kb8 16. Bd2 N7b6 17. Qb3 Nf4 18. Nxf4 Bxf4 19. Bxf4+ Qxf4 20. a4 Qe4+ 21. Kf1 Nd5 22. Qd1 Nf4 23. Kg1 g5 24. Nxg5 Qxg2# 0-1


[Site "https://www.chess.com"]

[Event "Titled Tuesday Blitz December 27 Late 2022"]
[White "Diaz Herquinio, Brahian"]
[Black "White, John S."]
[WhiteFideId "3809480"]
[BlackFideId "2502348"]
[WhiteElo "2051"]
[BlackElo "2235"]
[Result "1-0"]
[Round "11"]
[TimeControl "180+2"]
[Date "2022.12.27"]
[WhiteClock "0:00:22"]
[BlackClock "0:00:01"]

1. e3 e5 2. d4 exd4 3. Qxd4 Nc6 4. Qd1 d5 5. Nf3 Nf6 6. c4 Be6 7. cxd5 Nxd5 8. Be2 Be7 9. O-O O-O 10. a3 a5 11. Qc2 Bf6 12. Rd1 Qe7 13. e4 Nb6 14. Nc3 Rfd8 15. Bf4 g6 16. e5 Bg7 17. Ne4 Rxd1+ 18. Rxd1 Bf5 19. Bd3 Nxe5 20. Nxe5 Bxe5 21. Bxe5 Qxe5 22. Nc5 Bxd3 23. Nxd3 Qe7 24. Re1 Qd6 25. Nc5 Qc6 26. Qc3 Nd5 27. Qd4 Rd8 28. Ne4 Qe6 29. Rd1 c6 30. Nf6+ Kf8 31. Nxh7+ Kg8 32. Ng5 Qf5 33. Qh4 Kg7 34. Qh7+ Kf6 35. h4 Rf8 36. Re1 b5 37. Qh6 Nf4 38. Qxf8 1-0


[Site "https://www.chess.com"]